 Dungeon Crawl Stone Soup version 0.25.1-2-g60ff931df9 (console) character file.

Game seed: 7629426369862782174

18 Colgate the Ducker (level 2, 19/19 HPs)
             Began as an Octopode Gladiator on Aug 23, 2020.
             Quit the game on level 1 of the Dungeon.
             The game lasted 00:02:16 (333 turns).

Colgate the Ducker (Octopode Gladiator)              Turns: 333, Time: 00:02:17

Health: 19/19      AC:  1    Str: 13    XL:     2   Next: 66%
Magic:  2/2        EV: 15    Int: 10    God:
Gold:   15         SH:  0    Dex: 13    Spells: 1/1 levels left

rFire    . . .     SeeInvis .   a - +0 long sword
rCold    . . .     Gourm    .   (no shield)
rNeg     . . .     Faith    .   b - +0 hat
rPois    .         Spirit   .   (no amulet)
rElec    .         Reflect  .   (no ring)
rCorr    .         Harm     .   (no ring)
MR       .....                  (no ring)
Stlth    ++........             (no ring)
HPRegen  0.06/turn              (no ring)
MPRegen  0.08/turn              (no ring)
                                (no ring)
                                (no ring)

@: no status effects
A: almost no armour, stealthy swim, amphibious, 8 rings, constrict 8, camouflage
1, gelatinous body 1
a: no special abilities


You were on level 1 of the Dungeon.
You were not hungry.

You visited 1 branch of the dungeon, and saw 1 of its levels.

You collected 15 gold pieces.

Inventory:

Hand Weapons
 a - a +0 long sword (weapon)
Missiles
 c - 3 throwing nets (quivered)
Armour
 b - a +0 hat (worn)
Scrolls
 e - 3 scrolls of identify {unknown}
 g - 2 scrolls of remove curse {unknown}
Comestibles
 d - a ration
 f - 5 chunks of flesh


   Skills:
 - Level 2.0 Fighting
 - Level 3.0 Long Blades
 - Level 2.0 Throwing
 + Level 3.9 Dodging


You had one spell level left.
You didn't know any spells.
Your spell library was empty.

Dungeon Overview and Level Annotations

Branches:
Dungeon (1/15)

Altars:


Innate Abilities, Weirdness & Mutations

You cannot wear most types of armour.
You are very stealthy in the water. (Stealth+)
You are amphibious.
You can wear up to eight rings at the same time.
You can use your tentacles to constrict eight enemies at once.
Your skin changes colour to match your surroundings (Stealth+).
Your rubbery body absorbs attacks. (AC +1, EV +1)


Message History

Items here: )) [ ÷÷ a +0 dagger; a +0 chain mail; a +0 dagger; a frilled lizard skeleton; a hobgoblin skeleton
g - a scroll labeled WAECUMAKH
g - 2 scrolls labeled WAECUMAKH (gained 1)
A goblin comes into view.
Found a ration.
A dart slug comes into view.
A goblin comes into view. It is wielding a -3 club.
A hobgoblin comes into view. It is wielding a +0 club.
The hobgoblin shouts!
Found a ration.
You hit the dart slug. You grab the dart slug.
The dart slug is heavily wounded.
You constrict the dart slug. The dart slug closely misses you.
The goblin misses you.
You riposte.
You closely miss the goblin.
The goblin shouts!
Your grab misses the goblin. You hit the dart slug but do no damage.
You squeeze the dart slug.
You kill the dart slug!
The goblin barely misses you.
Are you sure you want to abandon this character and quit the game? (Confirm with "yes".)

####....%# . ........# #.
#.....#.# ..##.##....... ##
.g....g.....%....
............##.## .#.#######
...........gg...# .#.#......
..........@....##.#.#.⌠...⌠
.......%........#.#.#..###.
####.#...........#.#.#..'<#.
#........#######...#.#..###.
#........# #...#.#.⌠...⌠
#........########..#........
#..................#....####
#........########.##.####
.........########.##.#
.........##..÷)....#.#
.........#)..)####.#.#


You could see a hobgoblin and 2 goblins.

Vanquished Creatures
  A dart slug (D:1)
  A leopard gecko (D:1)
  3 goblins (D:1)
  3 hobgoblins (D:1)
  2 bats (D:1)
  A frilled lizard (D:1)
  A kobold (D:1)
  2 rats (D:1)
14 creatures vanquished.

Notes
Turn   | Place    | Note
-------+----------+-------------------------------------------
     0 | D:1      | Colgate the Octopode Gladiator began the quest for the Orb.
     0 | D:1      | Reached XP level 1. HP: 14/14 MP: 1/1
   191 | D:1      | Reached XP level 2. HP: 18/19 MP: 2/2
   333 | D:1      | Quit the game

Illustrated notes

Levels and vault maps discovered:
D:1:      scummos_arrival_simple_fountains, layout_basic, minmay_tromino_v7

Action                   || total
-------------------------++-------
Melee: Long sword        ||    24
       Constrict         ||     9
       Tentacles         ||     4
Armor: Skin              ||     2
Dodge: Dodged            ||    25
       Rpst.: Long sword ||     7
